 Dungeon Crawl Stone Soup version 0.31.0-32-g396128a36d (webtiles) character file.

Game seed: 16700399834557660056

740 0gre the Chiller (level 7, -7/51 HPs)
             Began as a Gnoll Ice Elementalist on Apr 4, 2024.
             Killed from afar by a steam dragon (8 damage)
             ... with a ball of steam
             ... on level 5 of the Dungeon.
             The game lasted 00:20:46 (3559 turns).

0gre the Chiller (Gnoll Ice Elementalist)           Turns: 3559, Time: 00:20:46

Health: -7/51      AC:  3    Str:  7    XL:     7   Next: 75%
Magic:  15/15      EV: 14    Int: 15    God:
Gold:   178        SH:  0    Dex: 14    Spells: 10/17 levels left

rFire   . . .        a - +1 falchion (freeze)
rCold   + . .        (no shield)
rNeg    . . .        i - +0 robe
rPois   .            (no helmet)
rElec   .            (no cloak)
rCorr   .            (no gloves)
SInv    .            e - +0 pair of boots
Will    .....        u - amulet of magic regeneration
Stlth   +++          v - ring of protection from cold
HPRegen 0.28/turn    (no ring)
MPRegen 0.54/turn

%: no passive effects
@: attractive
A: fangs 1, strong nose, distributed training
a: no special abilities


You were on level 5 of the Dungeon.
You visited 1 branch of the dungeon, and saw 5 of its levels.

You collected 178 gold pieces.

Inventory:

Hand Weapons
 a - a +1 falchion of freezing (weapon)
 b - a +3 sling
 c - a +0 scythe
 d - a +0 rapier
 s - a +2 long sword of distortion
Armour
 e - a +0 pair of boots (worn)
 i - a +0 robe (worn)
Jewellery
 u - an amulet of magic regeneration (around neck)
 v - a ring of protection from cold (left hand)
Wands
 r - a wand of light (12)
Scrolls
 f - a scroll of fog {unknown}
 l - a scroll of immolation {unknown}
 m - a scroll of brand weapon {unknown}
 n - 2 scrolls of identify {unknown}
 p - a scroll of silence {unknown}
 t - 2 scrolls of blinking
Potions
 g - a potion of magic
 h - a potion of brilliance {unknown}
 j - a potion of mutation {unknown}
 k - a potion of lignification {unknown}
 o - a potion of berserk rage {unknown}
 q - a potion of attraction


   Skills:
 + Level 2.8 Fighting
 + Level 2.8 Short Blades
 + Level 2.8 Long Blades
 + Level 2.8 Axes
 + Level 2.8 Maces & Flails
 + Level 2.8 Polearms
 + Level 2.8 Staves
 + Level 2.8 Ranged Weapons
 + Level 2.8 Throwing
 + Level 2.8 Armour
 + Level 5.4 Dodging
 + Level 5.1 Stealth
 + Level 2.8 Shields
 + Level 2.8 Unarmed Combat
 + Level 5.8 Spellcasting
 + Level 2.2 Conjurations
 + Level 2.2 Hexes
 + Level 2.2 Summonings
 + Level 2.2 Necromancy
 + Level 2.2 Translocations
 + Level 2.2 Fire Magic
 + Level 7.5 Ice Magic
 + Level 2.2 Air Magic
 + Level 2.2 Earth Magic
 + Level 2.2 Alchemy
 + Level 3.1 Invocations
 + Level 2.8 Evocations
 + Level 2.5 Shapeshifting


You had 10 spell levels left.
You knew the following spells:

 Your Spells              Type           Power      Damage    Failure   Level
a - Freeze                Ice            100%       1d10      1%          1
b - Frozen Ramparts       Ice            52%        1d8       1%          3
c - Summon Ice Beast      Ice/Summ       19%        N/A       6%          3

Your spell library contained the following spells:

 Spells                   Type           Power      Damage    Failure   Level
 Ozocubu's Armour         Ice            26%        N/A       1%          3
 Ensorcelled Hibernation  Hex/Ice        38%        N/A       3%          2
 Necrotise                Necr           44%        1d6       6%          1
 Slow                     Hex            44%        N/A       6%          1
 Sting                    Conj/Alch      44%        1d5       6%          1
 Mercury Vapours          Alch/Air       22%        N/A       9%          2
 Confusing Touch          Hex            11%        N/A       19%         3
 Dazzling Flash           Conj/Hex       22%        N/A       19%         3
 Fugue of the Fallen      Necr           11%        N/A       19%         3
 Sigil of Binding         Hex            11%        N/A       19%         3
 Vampiric Draining        Necr           11%        2d6       19%         3
 Volatile Blastmotes      Fire/Tloc      22%        2d11      19%         3
 Anguish                  Hex/Necr       5%         N/A       52%         4
 Martyr's Knell           Necr/Summ      11%        N/A       52%         4
 Olgreb's Toxic Radiance  Alch           11%        N/A       52%         4
 Curse of Agony           Necr           11%        N/A       86%         5
 Starburst                Conj/Fire      5%         6d4       100%        6
 Maxwell's Capacitive Co  Air            5%         ∞         100%        8


Dungeon Overview and Level Annotations

Branches:
Dungeon (5/15)
 Temple: D:4-7

Altars:
Elyvilon

Shops:
D:1 [


Innate Abilities, Weirdness & Mutations

You have very sharp teeth.
Your uncanny sense of smell can sniff out nearby items.
Your experience applies equally to all skills.


Message History

Your ice beast is engulfed in a cloud of scalding steam.
Your ice beast hits the steam dragon.
Your ice beast freezes the steam dragon!
The steam dragon closely misses you. The steam dragon misses you.
You barely miss the steam dragon.
The steam dragon is heavily wounded.
Your ice beast hits the steam dragon.
Your ice beast freezes the steam dragon.
The steam dragon breathes steam at your ice beast.
The ball of steam hits your ice beast!
Your ice beast is engulfed in a cloud of scalding steam.
Your ice beast completely misses the steam dragon.
You barely miss the steam dragon.
You bite the steam dragon, but do no damage.
The steam dragon is almost dead.
You are engulfed in a cloud of scalding steam.
The steam dragon breathes steam at you. The ball of steam misses you.
Your ice beast misses the steam dragon.
You hit the steam dragon. You freeze the steam dragon.
You bite the steam dragon, but do no damage.
The steam dragon is almost dead.
The steam dragon bites you. The steam dragon closely misses you.
Your ice beast is engulfed in a cloud of scalding steam.
Your ice beast dies!
Your ice beast disappears in a puff of smoke!
You barely miss the steam dragon.
The steam dragon is almost dead.
You are engulfed in a cloud of scalding steam.
* * * LOW HITPOINT WARNING * * *
The steam dragon bites you!
* * * LOW HITPOINT WARNING * * *
The steam dragon claws you.
* * * LOW HITPOINT WARNING * * *
The steam dragon breathes steam at you. The ball of steam misses you.
It was a potion of attraction.
You feel attractive to monsters. The steam dragon breathes steam at you.
The ball of steam hits you!
You die...

♣♣♣ ####♣♣ ♣♣♣.♣♣♣ ♣###
.....♣♣ ♣♣.....♣♣ ♣....
......♣♣♣.......♣♣♣.....
.≈~≈...♣...≈~≈...♣...≈~≈
≈≈~≈≈.....≈≈~≈≈.....≈≈~≈
~~♣~~.....~~_~~.....~~♣~
≈≈~≈≈.....≈≈~≈≈..D..≈≈~≈
.≈~≈...♣...≈§§..@♣...≈~≈
......♣♣♣...§..§♣♣ .....
.....♣♣ ♣♣.....♣♣ ....
#...♣♣ ♣♣♣.♣♣♣ ### #...#
♣♣♣ .##.## .##..########
............#
...........##


You could see a steam dragon (catching breath).

Vanquished Creatures
  2 ogres
  Blork the orc (D:4)
  2 hounds (D:4)
  2 orc priests (D:4)
  Ijyb (D:3)
  An iguana (D:4)
  An orc wizard (D:4)
  5 adders
  A dart slug (D:4)
  A ribbon worm (D:2)
  7 orcs
  5 ball pythons
  6 endoplasms
  4 giant cockroaches
  6 goblins
  7 hobgoblins
  2 jackals (D:4)
  3 quokkas
  4 bats
  5 frilled lizards
  6 kobolds
  A rat (D:2)
73 creatures vanquished.

Vanquished Creatures (collateral kills)
  Sigmund (D:4)
  A jelly (D:5)
2 creatures vanquished.

Grand Total: 75 creatures vanquished

Notes
Turn   | Place    | Note
-------+----------+-------------------------------------------
     0 | D:1      | 0gre the Gnoll Ice Elementalist began the quest for the
                  | Orb.
     0 | D:1      | Reached XP level 1. HP: 13/13 MP: 6/6
   226 | D:1      | Reached XP level 2. HP: 14/19 MP: 3/7
   398 | D:1      | Found Wihailasch's Armour Emporium.
   738 | D:2      | Reached skill level 5 in Spellcasting
   738 | D:2      | Reached XP level 3. HP: 25/25 MP: 6/9
   742 | D:2      | Learned a level 3 spell: Frozen Ramparts
   782 | D:2      | Reached skill level 1 in Invocations
   831 | D:2      | Reached skill level 1 in Fighting
   831 | D:2      | Reached skill level 1 in Short Blades
   831 | D:2      | Reached skill level 1 in Long Blades
   831 | D:2      | Reached skill level 1 in Axes
   831 | D:2      | Reached skill level 1 in Maces & Flails
   831 | D:2      | Reached skill level 1 in Polearms
   831 | D:2      | Reached skill level 1 in Staves
   831 | D:2      | Reached skill level 1 in Ranged Weapons
   831 | D:2      | Reached skill level 1 in Throwing
   831 | D:2      | Reached skill level 1 in Armour
   831 | D:2      | Reached skill level 1 in Shields
   831 | D:2      | Reached skill level 1 in Unarmed Combat
   831 | D:2      | Reached skill level 1 in Evocations
  1298 | D:2      | Reached skill level 1 in Shapeshifting
  1298 | D:2      | Reached XP level 4. HP: 30/32 MP: 8/11
  1525 | D:3      | Noticed an ogre
  1533 | D:3      | Killed an ogre
  1534 | D:3      | Reached skill level 1 in Conjurations
  1534 | D:3      | Reached skill level 1 in Hexes
  1534 | D:3      | Reached skill level 1 in Summonings
  1534 | D:3      | Reached skill level 1 in Necromancy
  1534 | D:3      | Reached skill level 1 in Translocations
  1534 | D:3      | Reached skill level 1 in Fire Magic
  1534 | D:3      | Reached skill level 1 in Air Magic
  1534 | D:3      | Reached skill level 1 in Earth Magic
  1534 | D:3      | Reached skill level 1 in Alchemy
  1534 | D:3      | Reached XP level 5. HP: 37/37 MP: 8/12
  2047 | D:3      | Noticed Ijyb
  2062 | D:3      | Killed Ijyb
  2290 | D:3      | Found a faded altar of an unknown god.
  2350 | D:3      | Learned a level 3 spell: Summon Ice Beast
  2401 | D:4      | Noticed Sigmund
  2417 | D:4      | Killed Sigmund
  2418 | D:4      | Reached skill level 5 in Dodging
  2418 | D:4      | Reached XP level 6. HP: 30/44 MP: 11/14
  2762 | D:4      | Reached XP level 7. HP: 46/51 MP: 13/15
  2929 | D:4      | Reached skill level 5 in Stealth
  3314 | D:4      | Noticed Blork the orc
  3319 | D:4      | Killed Blork the orc
  3500 | D:5      | Entered Level 5 of the Dungeon
  3536 | D:5      | Found a white marble altar of Elyvilon.
  3547 | D:5      | Noticed a steam dragon
  3558 | D:5      | HP: 1/51 [steam dragon (4)]
  3559 | D:5      | Killed from afar by a steam dragon

Illustrated notes

Levels and vault maps discovered:
D:1:      lightli_arrival_windingriver, layout_rooms, serial_shops, shop
D:2:      layout_basic
D:3:      layout_loops_ring, shapermc_ecumenical_altar_hornbeckon,
          minmay_splitting_lines, uniq_ijyb
D:4:      layout_loops_corners, minmay_misc_feat_roman, minivault_19,
          uniq_sigmund, uniq_blork_the_orc
D:5:      layout_cave_pools, elyvilon_altar_3, chequers_ossuary_entry_cave

Skill      XL: |  1  2  3  4  5  6  7 |
---------------+----------------------+-----
Spellcasting   | 5 |  5.8
Invocations    | 1 2 3 |  3.1
Fighting       | 1 2 |  2.8
Short Blades   | 1 2 |  2.8
Long Blades    | 1 2 |  2.8
Axes           | 1 2 |  2.8
Maces & Flails | 1 2 |  2.8
Polearms       | 1 2 |  2.8
Staves         | 1 2 |  2.8
Ranged Weapons | 1 2 |  2.8
Throwing       | 1 2 |  2.8
Armour         | 1 2 |  2.8
Shields        | 1 2 |  2.8
Unarmed Combat | 1 2 |  2.8
Evocations     | 1 2 |  2.8
Shapeshifting  | 1 2 |  2.5
Conjurations   | 1 2 |  2.2
Hexes          | 1 2 |  2.2
Summonings     | 1 2 |  2.2
Necromancy     | 1 2 |  2.2
Translocations | 1 2 |  2.2
Fire Magic     | 1 2 |  2.2
Air Magic      | 1 2 |  2.2
Earth Magic    | 1 2 |  2.2
Alchemy        | 1 2 |  2.2
Dodging        | 5 |  5.4
Stealth        | 5 |  5.1
Ice Magic      | |  7.5

Action                     |  1- 3 |  4- 6 |  7- 9 || total
---------------------------+-------+-------+-------++-------
  Melee: Dagger            |     9 |       |       ||     9
         Spear             |     6 |       |       ||     6
         Bite              |     1 |     4 |     3 ||     8
         Rapier            |     3 |    20 |       ||    23
         Punch             |     1 |     2 |       ||     3
         Club              |       |    11 |       ||    11
         Falchion          |       |     5 |    28 ||    33
   Fire: Sling             |    44 |    40 |    19 ||   103
   Cast: Freeze            |    25 |       |       ||    25
         Frozen Ramparts   |     2 |     8 |     3 ||    13
         Summon Ice Beast  |       |     1 |     2 ||     3
    Use: Scroll            |       |       |     1 ||     1
         Potion            |       |       |     1 ||     1
 Armour: Robe              |    19 |    16 |    25 ||    60
  Dodge: Dodged            |    33 |    28 |    19 ||    80
